 Dungeon Sprint DCSS version 0.31-a0-7-g51783674b7 (webtiles) character file.

Game seed: 4707144794437999703

103 sircluck the Ruffian (level 4, -14/73 HPs)
             Began as a Troll Berserker on May 5, 2023.
             Was a Priest of Trog.
             Demolished by a two-headed ogre
             ... wielding a +0 great mace
              (26 damage)
             ... in the Dungeon (Sprint IX: "|||||||||||||||||||||||||||||").
             The game lasted 00:00:56 (94 turns).

sircluck the Ruffian (Troll Berserker)                Turns: 94, Time: 00:00:56

Health: -14/73     AC:  6    Str: 30    XL:     4   Next: 51%
Magic:  3/3        EV: 10    Int:  3    God:    Trog [***...]
Gold:   0          SH:  0    Dex:  9    Spells: 3/3 levels left

rFire   . .          .
                       - Unarmed
rCold   . . .        (no shield)
rNeg    . . .        a - +0 animal skin
rPois   .            (helmet restricted)
rElec   .            (no cloak)
rCorr   .            (gloves unavailable)
SInv    .            (boots unavailable)
Will    .....        (no amulet) Stlth
                     k - +2 ring of protection
HPRegen 1.12/turn    j - +3 ring of strength
MPRegen 0.08/turn

%: no teleportation
@: berserking, very quick
A: large, unfitting armour, claws 3, regeneration 1, shaggy fur 1, tough skin 1
a: Renounce Religion, Berserk, Trog's Hand


You were in the Dungeon.
You worshipped Trog.
Trog was most pleased with you.
You visited 1 branch

Inventory:

Armour
 a - a +0 animal skin (worn)
Jewellery
 j - a +3 ring of strength (right claw)
 k - a +2 ring of protection (left claw)
Wands
 i - a wand of light (10)
Scrolls
 g - 2 scrolls of blinking
Potions
 b - 5 potions of curing
 c - 3 potions of heal wounds
 d - a potion of haste
 e - 4 potions of magic
 f - a potion of berserk rage
 h - a potion of invisibility


   Skills:
 + Level 4.8 Fighting
 + Level 4.7 Dodging
 + Level 6.3 Unarmed Combat


You had 3 spell levels left.
You didn't know any spells.
Your spell library was empty.

Dungeon Overview and Level Annotations

Branches:
Dungeon (1/1)

Altars:
Cheibriados
Dithmenos
Elyvilon
Fedhas
Gozag
Hepliaklqana
Kikubaaqudgha
Makhleb
Nemelex Xobeh
Okawaru
Qazlal
Ru
Sif Muna
Trog
Uskayaw
Vehumet
Wu Jian
Xom
Yredelemnul
Zin
The Shining One
Jiyva
Lugonu


Innate Abilities, Weirdness & Mutations

You are too large for most types of armour.
You have claws for hands.
Your natural rate of healing is unusually fast.
You are covered in fur. (AC +1)
You have tough skin. (AC +1)


Message History

Found a +3 ring of strength.
e - 4 potions of magic (gained 2);
h - a potion of invisibility
c - 3 potions of heal wounds (gained 2);
b - 5 potions of curing (gained 4)
Found a +2 ring of protection.
g - 2 scrolls of blinking (gained 1)
You see here 2 scrolls of amnesia.
i - a wand of light (10)
Items here: )))))).
You see here a +0 pair of boots.
You see here a +0 pair of gloves.
You see here a +0 plate armour.
j - a +3 ring of strength
k - a +2 ring of protection
k - a +2 ring of protection (left claw)
You feel stronger.
j - a +3 ring of strength (right claw)
You open the door.
A two-headed ogre, a killer bee, an orc warrior, a troll, a howler monkey and a wyvern come into view.
The killer bee buzzes angrily.
The troll shouts!
A red film seems to cover your vision as you go berserk!
You feel yourself moving faster!
You feel mighty!
The howler monkey hoots and howls with incredible vigour!
The two-headed ogre hits you with a +0 great mace!!
The two-headed ogre hits you with a +0 giant club!
You hear a shout!
You claw the two-headed ogre! You claw the two-headed ogre!!
The two-headed ogre is severely wounded.
You barely miss the two-headed ogre.
The two-headed ogre is severely wounded.
You claw the two-headed ogre!
The two-headed ogre is almost dead.
The two-headed ogre barely misses you. x2
You claw the two-headed ogre!
The two-headed ogre is almost dead.
You barely miss the two-headed ogre.
The two-headed ogre is almost dead.
The two-headed ogre hits you with a +0 great mace!!
* * * LOW HITPOINT WARNING * * *
The two-headed ogre hits you with a +0 giant club!!
You die... ▓▓▓▓▓▓▓▓▓▓▓▓▓▓▓▓▓▓▓▓▓▓▓▓ _______'.?).[[[.@OyoThl. ▓▓▓▓▓▓▓▓▓▓▓▓▓▓▓▓▓▓▓▓▓▓▓▓

You could see a two-headed ogre, a troll, an orc warrior, a wyvern, a howler monkey (catching breath) and a killer bee.

Vanquished Creatures
  A phantom (D)
  An adder (D)
  An ufetubus (D)
  2 dart slugs (D)
  A hobgoblin (D)
  A jackal (D)
  A quokka (D)
  A goblin (D)
  A kobold (D)
10 creatures vanquished.

Notes
Turn   | Place    | Note
-------+----------+-------------------------------------------
     0 | D        | sircluck the Troll Berserker began the quest for the Orb.
     0 | D        | Reached XP level 1. HP: 22/22 MP: 0/0
     8 | D        | Reached ** piety under Trog
    23 | D        | Noticed a phantom
    26 | D        | Reached skill level 4 in Unarmed Combat
    26 | D        | Reached XP level 2. HP: 27/31 MP: 1/1
    32 | D        | Killed a phantom
    32 | D        | Reached *** piety under Trog
    33 | D        | Reached skill level 6 in Unarmed Combat
    33 | D        | Reached XP level 3. HP: 31/40 MP: 2/2
    33 | D        | Reached XP level 4. HP: 39/49 MP: 3/3
    44 | D        | Found a snail-covered altar of Cheibriados.
    44 | D        | Found a shadowy altar of Dithmenos.
    44 | D        | Found a white marble altar of Elyvilon.
    44 | D        | Found a blossoming altar of Fedhas.
    44 | D        | Found an opulent altar of Gozag.
    45 | D        | Found a hazy altar of Hepliaklqana.
    46 | D        | Found a viscous altar of Jiyva.
    47 | D        | Found an ancient bone altar of Kikubaaqudgha.
    48 | D        | Found a corrupted altar of Lugonu.
    49 | D        | Found a burning altar of Makhleb.
    50 | D        | Found a sparkling altar of Nemelex Xobeh.
    51 | D        | Found an iron altar of Okawaru.
    52 | D        | Found a stormy altar of Qazlal.
    53 | D        | Found a sacrificial altar of Ru.
    54 | D        | Found a shimmering blue altar of Sif Muna.
    55 | D        | Found a bloodstained altar of Trog.
    56 | D        | Found a hide-covered altar of Uskayaw.
    57 | D        | Found a radiant altar of Vehumet.
    58 | D        | Found an ornate altar of the Wu Jian Council.
    59 | D        | Found a shimmering altar of Xom.
    60 | D        | Found a basalt altar of Yredelemnul.
    61 | D        | Found a glowing silver altar of Zin.
    62 | D        | Found a glowing golden altar of the Shining One.
    88 | D        | Noticed a two-headed ogre
    88 | D        | Noticed an orc warrior
    88 | D        | Noticed a troll
    88 | D        | Noticed a wyvern
    94 | D        | Demolished by a two-headed ogre

Illustrated notes

Levels and vault maps discovered:
D:        linesprint [early_d, line_temple, items_1, d_10, items_2, lair_1,
          lair_end, items_3, orc_1, orc_end, items_4, d_15, swamp_1, shoals_1,
          snake_1, spider_1, d_20, vaults_1, items_5, swamp_end, shoals_end,
          snake_end, spider_end, vaults_end, d_27, items_6, zot_1, zot_end,
          crypt_end, forest_end, elf_end, slime_end, tomb_end, abyss_end,
          pan_hell_end]

Skill      XL: |  1  2 |
---------------+-------+-----
Fighting       | 3 4 |  4.8
Dodging        | 3 4 |  4.7
Unarmed Combat | 4 6 |  6.3

Action                     |  1- 3 |  4- 6 || total
---------------------------+-------+-------++-------
  Melee: Unarmed           |    18 |    10 ||    28
         Punch             |     1 |     1 ||     2
 Invoke: Berserk           |       |     1 ||     1
 Armour: Animal skin       |     3 |     1 ||     4
  Dodge: Dodged            |     4 |     6 ||    10

Table legend: (Time is in decaauts)
 A = Elapsed time spent in this place.
 B = Non-inter-level travel time spent in this place.
 C = Inter-level travel time spent in this place.
 D = Time resting spent in this place.
 E = Time spent auto-exploring this place.
 F = Levels seen in this place.
 G = Mean time per level.
                   A        B        C        D        E       F      G
               +--------+--------+--------+--------+--------+-----+--------+
         Total |     89 |     89 |      0 |      0 |      0 |   1 |   89.0 |
       Dungeon |     89 |     89 |      0 |      0 |      0 |   1 |   89.0 |
               +--------+--------+--------+--------+--------+-----+--------+

Top non-repeatable levels by time:
       D: 89 daAuts
